 Dungeon Crawl Stone Soup version 0.31-a0-75-g6fe912e8c5 (webtiles) character file.

Game seed: 15201620883276667278

674 frimble the Sneak (level 7, 0/47 HPs)
             Began as an Octopode Warper on May 24, 2023.
             Slain by an orc
             ... wielding a +0 club
              (2 damage)
             ... on level 3 of the Dungeon.
             The game lasted 00:05:42 (3014 turns).

frimble the Sneak (Octopode Warper)                 Turns: 3014, Time: 00:05:42

Health: 0/47       AC:  1    Str: 10      XL:     7   Next: 59%
Magic:  9/10       EV: 18    Int: 16 (17) God:
Gold:   213        SH:  0    Dex: 12      Spells: 1/10 levels left

rFire   . . .        i - +2 short sword (drain)
rCold   . . .        (no shield)
rNeg    . . .        (helmet restricted)
rPois   .            (no amulet)
rElec   .            n - +5 ring of evasion
rCorr   .            k - ring of willpower
SInv    .            (no ring)
Will    +....        (no ring)
Stlth   +++          (no ring)
HPRegen 0.27/turn    (no ring)
MPRegen 0.12/turn    (no ring)
                     (no ring)

%: no passive effects
@: hasted, invisible, very quick
A: almost no armour, amphibious, 8 rings, camouflage 1, gelatinous body 1,
(nimble swimmer 1), tentacles
a: no special abilities


You were on level 3 of the Dungeon.
You visited 1 branch of the dungeon, and saw 4 of its levels.
You also visited: Sewer.

You collected 213 gold pieces.

Inventory:

Hand Weapons
 i - a +2 short sword of draining (weapon)
 s - a +2 dagger of venom
Missiles
 c - 6 boomerangs of dispersal (quivered)
Armour
 h - a +0 kite shield
Jewellery
 k - a ring of willpower (right tentacle)
 n - a +5 ring of evasion (left tentacle)
Scrolls
 a - 2 scrolls of identify {unknown}
 b - a scroll of blinking
 l - a scroll of butterflies {unknown}
 o - a scroll of torment {unknown}
 p - a scroll of fog {unknown}
 q - a scroll of enchant weapon {unknown}
 t - a scroll of enchant armour {unknown}
Potions
 m - a potion of attraction {unknown}
 r - a potion of lignification {unknown}


   Skills:
 + Level 3.8 Fighting
 + Level 3.8 Short Blades
 - Level 1.4 Throwing
 - Level 3.3 Dodging
 + Level 4.1 Stealth
 - Level 2.2 Spellcasting
 + Level 2.6 Conjurations
 - Level 3.2 Translocations
 + Level 2.5 Earth Magic
 + Level 2.1 Poison Magic


You had one spell level left.
You knew the following spells:

 Your Spells              Type           Power      Damage    Failure   Level
a - Stone Arrow           Conj/Erth      18%        3d8       24%         3
b - Passwall              Tmut/Erth      4%         N/A       21%         2
c - Olgreb's Toxic Radia  Pois           8%         N/A       63%         4

Your spell library contained the following spells:

 Spells                   Type           Power      Damage    Failure   Level
 Sandblast                Erth           20%        2d7       7%          1
 Slow                     Hex            4%         N/A       21%         1
 Blink                    Tloc           24%        N/A       8%          2
 Lesser Beckoning         Tloc           24%        N/A       8%          2
 Teleport Other           Tloc           12%        N/A       16%         3
 Vhi's Electric Charge    Tloc/Air       12%        N/A       34%         3
 Manifold Assault         Tloc           12%        N/A       45%         4
 Confusing Touch          Hex            1%         N/A       52%         3
 Vampiric Draining        Necr           1%         2d6       52%         3
 Summon Guardian Golem    Hex/Summ       0%         N/A       56%         3
 Orb of Destruction       Conj           5%         9d5       100%        7
 Spellforged Servitor     Conj/Summ      2%         N/A       100%        7
 Discord                  Hex            0%         N/A       100%        8
 Ignition                 Fire           0%         3d3       100%        8


Dungeon Overview and Level Annotations

Branches:
Dungeon (4/15)              Sewer (visited)
 Temple: D:4-7

Altars:
Trog

Annotations:
D:2 Sigmund


Innate Abilities, Weirdness & Mutations

You cannot wear most types of armour.
You are amphibious.
You can wear up to eight rings at the same time.
Your skin changes colour to match your surroundings (Stealth+).
Your rubbery body absorbs attacks. (AC +1, EV +1)
((You are camouflaged when in or above water. (Stealth+)))
You have tentacles for arms and can constrict up to eight enemies at once.


Message History

You hit something. Something hits you.
You barely miss something. Your squeeze misses something.
You hear some strange, mumbled words.
A puff of flame appears from out of thin air!
The puff of flame hits you!
You closely miss something. Your squeeze misses something. Something hits you.
You hit something. You squeeze something.
You hear some strange, mumbled words.
A magic dart appears from out of thin air!
The magic dart hits you!
* * * LOW HITPOINT WARNING * * *
You hit something but do no damage. You hit something.
Reactivating autopickup.
You feel a bit more experienced.
You barely miss the giant cockroach. You grab the giant cockroach.
You squeeze the giant cockroach.
You kill the giant cockroach!
An orc wizard appears from thin air!
You feel your intelligence returning.
You aren't carrying any items that you can evoke.
It was a potion of haste.
You feel yourself speed up. The orc wizard casts a spell at you.
The magic dart hits you!
* * * LOW HITPOINT WARNING * * *
It was a potion of invisibility.
You fade into invisibility!
Okay, then.
Unknown command.
Found a faded altar of an unknown god.
The orc wizard points at you and mumbles some strange words.
The magic dart hits you.
* * * LOW HITPOINT WARNING * * *
Okay, then.
Items here: ))) [[ †††.
You hit the orc but do no damage. Your grab misses the orc.
Your squeeze misses the orc. You barely miss the orc. You grab the orc.
You constrict the orc. The orc hits you with a +0 club.
You die...

...................##..
............>#.....##[.
#..........#...†####.
.# # #.#.......#....#
#.
..#_#..#.#######....#
#. .#.#.#.#.# #....# #.
..#.#..#o# ###### #.
.....#o# #. ...#@# ##
#.#.# #...# #####


You could see an orc wizard (unable to see you) and an orc (unable to see you).

Vanquished Creatures
  Grinder (D:3)
  Pargi (Sewer)
  A phantom (D:4)
  A wight (D:3)
  A sleepcap (D:4)
  An orc wizard (D:3)
  5 adders
  5 gnolls
  5 river rats (D:4)
  2 worms
  2 dart slugs
  6 orcs
  4 bats
  2 endoplasms
  4 giant cockroaches
  7 hobgoblins
  11 kobolds
  2 quokkas (D:2)
  4 ball pythons
  6 frilled lizards
  A goblin (D:3)
  6 rats
78 creatures vanquished.

Notes
Turn   | Place    | Note
-------+----------+-------------------------------------------
     0 | D:1      | frimble the Octopode Warper began the quest for the Orb.
     0 | D:1      | Reached XP level 1. HP: 14/14 MP: 3/3
   185 | D:1      | Reached XP level 2. HP: 19/19 MP: 5/5
   319 | D:1      | Reached XP level 3. HP: 22/24 MP: 6/6
   410 | D:1      | Learned a level 3 spell: Stone Arrow
   896 | D:1      | Reached skill level 1 in Stealth
   896 | D:1      | Reached XP level 4. HP: 19/30 MP: 7/7
  1120 | D:2      | Noticed Sigmund
  1125 | D:2      | Learned a level 2 spell: Passwall
  1281 | D:2      | Identified the +0 mace of Peril {heavy, *Corrode rPois rF+
                  | Will+}
  1762 | D:3      | Found a bloodstained altar of Trog.
  1886 | D:4      | Reached XP level 5. HP: 33/35 MP: 8/8
  1920 | D:4      | Reached skill level 1 in Earth Magic
  1929 | D:4      | Reached skill level 1 in Conjurations
  1938 | D:4      | Reached skill level 2 in Stealth
  1953 | D:4      | Found a glowing drain.
  1959 | Sewer    | Entered a sewer
  1979 | Sewer    | Noticed Pargi
  1996 | Sewer    | Killed Pargi
  1997 | Sewer    | Reached XP level 6. HP: 16/42 MP: 9/9
  2126 | Sewer    | Learned a level 4 spell: Olgreb's Toxic Radiance
  2206 | D:4      | Reached skill level 3 in Stealth
  2473 | D:4      | Reached skill level 1 in Poison Magic
  2550 | D:3      | Noticed Grinder
  2557 | D:3      | Reached XP level 7. HP: 25/46 MP: 10/10
  2571 | D:3      | Killed Grinder
  2572 | D:3      | Reached skill level 4 in Stealth
  3010 | D:3      | Found a faded altar of an unknown god.
  3011 | D:3      | HP: 2/47 [orc wizard/magic dart (6)]
  3014 | D:3      | Slain by an orc

Illustrated notes

Levels and vault maps discovered:
D:1:      dpeg_arrival_brainrot, layout_basic
D:2:      layout_basic, uniq_sigmund
D:3:      layout_basic, nicolae_overflow_crystal_walls,
          lemuel_coloured_pillars_altar, chequers_ecumenical_altar_simple_redux,
          uniq_grinder
D:4:      layout_cave_pods, lightli_sewer_entry_pipes, serial_shops, shop

Skill      XL: |  1  2  3  4  5  6  7 |
---------------+----------------------+-----
Stealth        | 1 2 3 4 |  4.1
Earth Magic    | 1 2 |  2.5
Dodging        | 3 |  3.3
Conjurations   | 1 2 |  2.6
Fighting       | 3 |  3.8
Short Blades   | 3 |  3.8
Poison Magic   | 1 2 |  2.1
Throwing       | |  1.4
Spellcasting   | |  2.2
Translocations | |  3.2

Action                     |  1- 3 |  4- 6 |  7- 9 || total
---------------------------+-------+-------+-------++-------
  Melee: Short sword       |    53 |   117 |    33 ||   203
         Constrict         |    13 |    18 |     8 ||    39
         Tentacles         |    17 |    23 |     5 ||    45
  Throw: Boomerang         |       |       |     1 ||     1
   Cast: Stone Arrow       |       |     1 |       ||     1
    Use: Scroll            |       |     2 |       ||     2
         Potion            |       |       |     5 ||     5
   Stab: Sleeping          |     4 |     6 |     1 ||    11
 Armour: Skin              |     5 |     4 |       ||     9
  Dodge: Dodged            |    21 |    87 |    12 ||   120

Table legend: (Time is in decaauts)
 A = Elapsed time spent in this place.
 B = Non-inter-level travel time spent in this place.
 C = Inter-level travel time spent in this place.
 D = Time resting spent in this place.
 E = Time spent auto-exploring this place.
 F = Levels seen in this place.
 G = Mean time per level.
                   A        B        C        D        E       F      G
               +--------+--------+--------+--------+--------+-----+--------+
         Total |   3000 |   2919 |     81 |      5 |   2247 |   5 |  600.0 |
       Dungeon |   2828 |   2747 |     81 |      5 |   2120 |   4 |  707.0 |
         Sewer |    171 |    171 |      0 |      0 |    127 |   1 |  171.0 |
               +--------+--------+--------+--------+--------+-----+--------+

Top non-repeatable levels by time:
     D:1: 947 daAuts
     D:2: 784 daAuts
     D:3: 575 daAuts
     D:4: 520 daAuts
   Sewer: 171 daAuts
